 Dungeon Crawl Stone Soup version 0.21.1-1-g345015fe64 (webtiles) character file.

61 Gargoyl the Skirmisher (level 3, -1/33 HPs)
             Began as a Centaur Abyssal Knight on June 19, 2018.
             Was a Follower of Lugonu.
             Slain by a goblin (4 damage)
             ... on level 2 of the Dungeon.
             The game lasted 00:03:25 (1725 turns).

Gargoyl the Skirmisher (Centaur Abyssal Knight)     Turns: 1725, Time: 00:03:25

Health: -1/33      AC:  5    Str: 14    XL:     3   Next: 83%
Magic:  4/4        EV:  9    Int: 11    God:    Lugonu [*.....]
Gold:   105        SH:  0    Dex:  9    Spells: 2/2 levels left

rFire    + . .     SeeInvis .   a - +1 hand axe
rCold    x . .     Gourm    .   (no shield)
rNeg     . . .     Faith    .   b - +0 leather armour
rPois    .         Spirit   .   (no helmet)
rElec    .         Reflect  .   e - +0 cloak
rCorr    .         Harm     .   (no gloves)
MR       .....                  (no barding)
Stlth    ..........             (no amulet)
HPRegen  0.11/turn              f - ring of fire
MPRegen  0.09/turn              (no ring)

@: very quick
A: large, hooves 3, deformed body, speed 2, tough skin 3
a: Depart the Abyss, Renounce Religion


You were on level 2 of the Dungeon.
You worshipped Lugonu.
Lugonu was aware of your devotion.
You were hungry.

You visited 1 branch of the dungeon, and saw 2 of its levels.
You visited the Abyss 1 time.

You collected 105 gold pieces.

Inventory:

Hand Weapons
 a - a +1 hand axe (weapon)
Missiles
 d - 7 javelins (quivered)
Armour
 b - a +0 leather armour (worn)
 e - a +0 cloak (worn)
Jewellery
 f - a ring of fire (left hand)
Scrolls
 h - a scroll of identify
Potions
 j - a potion of flight
Comestibles
 c - 2 rations


   Skills:
 + Level 3.8 Fighting
 + Level 2.3 Axes
 * Level 1.7 Armour
 + Level 1.1 Dodging
 * Level 2.3 Invocations


You had 2 spell levels left.
You didn't know any spells.

Dungeon Overview and Level Annotations

Branches:
Dungeon (2/15)

Altars:
Sif Muna

Annotations:
D:2 Terence


Innate Abilities, Weirdness & Mutations

You have hooves in place of feet.
Armour fits poorly on your strangely shaped body.
You cover ground very quickly.
You have extremely tough skin. (AC +3)


Message History

Lugonu accepts your kill. The jackal barely misses you.
You barely miss the jackal. Your kick misses the jackal.
The jackal barely misses you.
You hit the jackal.
The jackal is heavily wounded.
The jackal bites you but does no damage.
The jackal bites you.
* * * LOW HITPOINT WARNING * * *
You hit the jackal.
The jackal is almost dead.
The jackal completely misses you.
The jackal bites you but does no damage.
You hit the jackal.
You kill the jackal!
Lugonu accepts your kill.
You hit the goblin.
The goblin is heavily wounded.
The goblin closely misses you. The goblin hits you.
You die...

#.g.....####.........
###...### #.#####...
#######....# #.# #.#.
##≈≈≈≈≈###.## #.#
#... #≈≈≈≈≈≈≈##)# #.#
#### #≈≈...≈≈##.# #.#
# #≈≈._.h.'.K# #.# #
#≈≈...≈h##g# #.# #
#≈≈≈≈h≈≈##@# #.# #
##≈≈≈≈≈###.# #.#####
# ############.###
#.....# #..(.....#
#.# #####.#
#.######## #.# #.#
#.# #.# #.# #(# #.#
#.# #.# #.# #g# #.#
######.## #.# #


You could see a goblin and a kobold.

Vanquished Creatures
  A gnoll (D:2)
  A leopard gecko (D:2)
  5 giant cockroaches
  7 goblins
  5 hobgoblins
  10 jackals
  4 kobolds
  A ball python (D:1)
  4 bats (D:1)
  A frilled lizard (D:1)
  5 rats
44 creatures vanquished.

Notes
Turn   | Place    | Note
-------+----------+-------------------------------------------
     0 | Abyss:1  | Gargoyl the Centaur Abyssal Knight began the quest for the Orb.
     0 | Abyss:1  | Reached XP level 1. HP: 19/19 MP: 2/2
   111 | Abyss:2  | Noticed a crimson imp
   113 | Abyss:2  | Noticed an efreet
   117 | D:1      | Escaped the Abyss
   453 | D:1      | Reached XP level 2. HP: 25/26 MP: 3/3
   594 | D:1      | Reached * piety under Lugonu
   658 | D:1      | Reached XP level 3. HP: 28/31 MP: 4/4
   817 | D:2      | Found a deep blue altar of Sif Muna.
   832 | D:2      | Reached skill level 1 in Dodging
  1089 | D:2      | Noticed Terence
  1725 | D:2      | Slain by a goblin

Skill      XL: |  1  2  3 |
---------------+----------+-----
Axes           | 2 |  2.3
Dodging        | 1 |  1.1
Fighting       | |  3.8
Armour         | |  1.7
Invocations    | |  2.3

Action                   || total
-------------------------++-------
Melee: Hand axe          ||   132
       Kick              ||    20
Invok: Depart the Abyss  ||     1
  Use: Scroll            ||     5
       Potion            ||     4
 Stab: Invisible         ||     2
  Eat: Chunk             ||     1
Armor: Leather armour    ||    63
Dodge: Dodged            ||    66
